 Dungeon Crawl Stone Soup version 0.31.0-9-g3a7656b989 (webtiles) character file.

Game seed: 12435557565481268759

207 James the Chopper (level 5, 0/45 HPs)
             Began as a Minotaur Fighter on Jan 31, 2024.
             Slain by a bullfrog (4 damage)
             ... in a sewer.
             The game lasted 00:04:30 (1938 turns).

James the Chopper (Minotaur Fighter)                Turns: 1938, Time: 00:04:31

Health: 0/45       AC:  6    Str: 22    XL:     5   Next: 54%
Magic:  4/4        EV:  9    Int:  5    God:
Gold:   128        SH:  5    Dex: 10    Spells: 4/4 levels left

rFire   . . .        a - +0 war axe
rCold   . . .        c - +1 buckler
rNeg    . . .        b - +0 scale mail
rPois   .            (helmet restricted)
rElec   .            (no cloak)
rCorr   .            (no gloves)
SInv    .            (no boots)
Will    .....        e - amulet of regeneration Stlth
                     (no ring)
HPRegen 1.07/turn    (no ring)
MPRegen 0.09/turn

%: no passive effects
@: mighty, lethally poisoned (0 -> 0), very slow
A: horns 2, retaliatory headbutt
a: no special abilities


You were in a sewer.
You visited 1 branch of the dungeon, and saw 3 of its levels.
You also visited: Sewer.

You collected 128 gold pieces.

Inventory:

Hand Weapons
 a - a +0 war axe (weapon)
 g - a +0 spear
   (You found it on level 1 of the Dungeon)
 i - a +0 sling
   (You found it on level 1 of the Dungeon)
 k - a +0 mace
   (You found it on level 1 of the Dungeon)
 s - a +0 sling of flaming
   (You found it on level 3 of the Dungeon)
Missiles
 f - 13 stones (quivered)
 q - 2 poisoned darts
Armour
 b - a +0 scale mail (worn)
 c - a +1 buckler (worn)
 n - a +0 leather armour
   (You found it on level 2 of the Dungeon)
 p - a +0 chain mail
   (You took it off Terence on level 2 of the Dungeon)
Jewellery
 e - an amulet of regeneration (around neck)
   (You found it on level 2 of the Dungeon)
Scrolls
 h - a scroll of identify {unknown}
 j - 3 scrolls of silence {unknown}
 r - a scroll of amnesia {unknown}
 t - a scroll of vulnerability {unknown}
 u - a scroll of acquirement {unknown}
Potions
 l - 4 potions of curing {unknown}
 m - a potion of berserk rage {unknown}
 o - a potion of invisibility {unknown}


   Skills:
 - Level 3.6 Fighting
 + Level 7.1 Axes
 - Level 3.6 Armour
 - Level 3.6 Shields


You had 4 spell levels left.
You didn't know any spells.
Your spell library contained the following spells:

 Spells                   Type           Power      Damage    Failure   Level
 Freeze                   Ice            0%         1d3       86%         1
 Shock                    Conj/Air       0%         1d3       86%         1
 Slow                     Hex            0%         N/A       86%         1
 Mercury Vapours          Alch/Air       0%         N/A       95%         2
 Scorch                   Fire           0%         2d5       95%         2
 Confusing Touch          Hex            0%         N/A       99%         3
 Frozen Ramparts          Ice            0%         1d1       99%         3
 Hailstorm                Conj/Ice       0%         3d5       99%         3
 Mephitic Cloud           Conj/Alch/Air  0%         N/A       99%         3
 Sigil of Binding         Hex            0%         N/A       99%         3
 Swiftness                Air            0%         N/A       99%         3
 Vampiric Draining        Necr           0%         2d6       99%         3
 Airstrike                Air            0%         2d(0-16)  100%        4
 Flame Wave               Conj/Fire      0%         2d4       100%        4
 Freezing Cloud           Conj/Ice/Air   0%         6-21      100%        5
 Summon Cactus Giant      Summ           0%         N/A       100%        6


Dungeon Overview and Level Annotations

Branches:
Dungeon (3/15)              Sewer (1/1)

Altars:


Innate Abilities, Weirdness & Mutations

You have a pair of horns on your head.
You reflexively headbutt those who attack you in melee.


Message History

You headbutt the ball python.
You kill the ball python!
The adder barely misses you.
You barely miss the bullfrog. x2; You barely miss the adder.
You block the bullfrog's attack. x2
The bullfrog hits you but does no damage.
The bullfrog hits you. The adder closely misses you.
Your unstable footing causes you to fumble your attack.
You block the bullfrog's attack. The bullfrog hits you.
The adder barely misses you. You furiously retaliate!
You headbutt the adder. The bullfrog misses you.
You block the bullfrog's attack.
You miss the adder. You hit the bullfrog. You slash the bullfrog!
The adder bites you.
* * * LOW HITPOINT WARNING * * *
You are poisoned.
The adder poisons you! The bullfrog hits you.
* * * LOW HITPOINT WARNING * * *
The bullfrog hits you.
* * * LOW HITPOINT WARNING * * *
The adder bites you but does no damage. You block the bullfrog's attack.
Sorry, you're not good enough to have a special ability.
You feel very mighty all of a sudden.
You feel sick. You block the bullfrog's attack. The bullfrog hits you.
* * * LOW HITPOINT WARNING * * *
The adder closely misses you. You furiously retaliate!
You headbutt the adder!
You kill the adder!
The bullfrog hits you.
* * * LOW HITPOINT WARNING * * *
Your unstable footing causes you to fumble your attack.
You feel sick.
You block the bullfrog's attack. x2; The bullfrog hits you.
* * * LOW HITPOINT WARNING * * *
The bullfrog barely misses you.
You hit the bullfrog. You closely miss the bullfrog.
You feel sick. The bullfrog hits you.
* * * LOW HITPOINT WARNING * * *
The bullfrog hits you.
* * * LOW HITPOINT WARNING * * *
The bullfrog hits you.
* * * LOW HITPOINT WARNING * * *
Your unstable footing causes you to fumble your attack.
You feel sick. You block the bullfrog's attack.
The bullfrog hits you but does no damage. x2
You closely miss the bullfrog. Your headbutt misses the bullfrog.
You barely miss the bullfrog.
You feel sick.
The bullfrog hits you but does no damage.
The bullfrog barely misses you. You furiously retaliate!
You headbutt the bullfrog!
The bullfrog hits you but does no damage.
The bullfrog hits you.
You die...

###################
###.#≈≈≈≈≈≈≈≈≈≈≈≈≈≈≈#..
##...~≈≈≈≈≈≈~..F#≈≈≈≈~..
#....~≈≈≈~~~#≈≈≈@†≈≈~~..
#....~~~~~≈≈≈≈≈≈≈F~~#~..
#....~≈≈≈≈≈≈≈≈≈≈≈≈≈≈≈~..
......≈≈≈≈≈≈≈≈≈≈≈≈≈≈≈#..
....################## #
...#### ...#..# †††'..#
..#####


You could see 2 bullfrogs.

Vanquished Creatures
  Terence (D:2)
  6 adders
  5 river rats (Sewer)
  2 dart slugs (D:2)
  3 ribbon worms
  6 endoplasms
  2 giant cockroaches
  4 goblins
  3 hobgoblins
  2 jackals (D:2)
  A kobold (D:1)
  3 quokkas
  19 ball pythons
  4 bats
  2 frilled lizards
  17 rats
80 creatures vanquished.

Notes
Turn   | Place    | Note
-------+----------+-------------------------------------------
     0 | D:1      | James the Minotaur Fighter began the quest for the Orb.
     0 | D:1      | Reached XP level 1. HP: 19/19 MP: 0/0
   301 | D:1      | Reached skill level 3 in Axes
   731 | D:1      | Reached XP level 2. HP: 26/26 MP: 1/1
   939 | D:2      | Reached skill level 4 in Axes
   947 | D:2      | Reached XP level 3. HP: 29/31 MP: 2/2
   986 | D:2      | Found a faded altar of an unknown god.
  1103 | D:2      | Noticed Terence
  1119 | D:2      | Killed Terence
  1120 | D:2      | Reached skill level 5 in Axes
  1120 | D:2      | Reached XP level 4. HP: 36/39 MP: 3/3
  1604 | D:3      | Noticed an ice beast
  1681 | D:3      | Found a glowing drain.
  1696 | Sewer    | Entered a sewer
  1724 | Sewer    | Reached skill level 6 in Axes
  1770 | Sewer    | Reached XP level 5. HP: 45/45 MP: 4/4
  1888 | Sewer    | Reached skill level 7 in Axes
  1938 | Sewer    | Slain by a bullfrog

Illustrated notes

Levels and vault maps discovered:
D:1:      psy_arrival_conway, layout_basic
D:2:      layout_basic, basic_ecumenical_altar, minmay_cupped, uniq_terence
D:3:      layout_basic, nicolae_hepliaklqana_hazy_memory,
          cheibrodos_sewer_entry_bend, serial_curves, eino_curves_02,
          eino_curves_02, eino_curves_04
Sewer:    sewer_minmay_w

Skill      XL: |  1  2  3  4  5 |
---------------+----------------+-----
Axes           | 3 4 5 6 7 |  7.1
Fighting       | |  3.6
Armour         | |  3.6
Shields        | |  3.6

Action                     |  1- 3 |  4- 6 || total
---------------------------+-------+-------++-------
  Melee: War axe           |    61 |   101 ||   162
         Headbutt          |     8 |    11 ||    19
    Use: Scroll            |       |     4 ||     4
         Potion            |       |     1 ||     1
 Armour: Scale mail        |    37 |    89 ||   126
  Dodge: Dodged            |    29 |    63 ||    92
  Block: Buckler           |    12 |    50 ||    62
